 Dungeon Crawl Stone Soup version 0.32-a0-861-g165e151e72 (webtiles) character file.

Game seed: 5790766353543845649

9 Essalna the Firebug (level 2, 20/20 HPs)
             Began as a Demonspawn Fire Elementalist on Mar 28, 2024.
             Got out of the dungeon alive.
             The game lasted 00:00:33 (377 turns).

Essalna the Firebug (Demonspawn Fire Elementalist)   Turns: 377, Time: 00:00:34

Health: 20/20      AC:  2    Str:  8    XL:     2   Next: 6%
Magic:  2/5        EV: 11    Int: 15    God:
Gold:   26         SH:  0    Dex: 13    Spells: 4/5 levels left

rFire   . . .        g - +0 spear
rCold   . . .        (no shield)
rNeg    . . .        a - +0 robe
rPois   .            (no helmet)
rElec   .            (no cloak)
rCorr   .            (no gloves)
SInv    .            (no boots)
Will    .....        (no amulet)
Stlth   ++           (no ring)
HPRegen 0.23/turn    (no ring)
MPRegen 0.09/turn

%: no passive effects
@: no status effects
A: demonic touch 1
a: no special abilities


You escaped.
You visited 1 branch of the dungeon, and saw 1 of its levels.

You collected 26 gold pieces.

Inventory:

Hand Weapons
 g - a +0 spear (weapon)
Missiles
 h - a throwing net
Armour
 a - a +0 robe (worn)
Scrolls
 d - 2 scrolls of identify {unknown}
 e - a scroll of enchant weapon {unknown}
 f - a scroll of vulnerability {unknown}
Potions
 b - a potion of magic
 c - a potion of curing {unknown}


   Skills:
 + Level 0.6 Fighting
 - Level 1.7 Dodging
 - Level 1.7 Stealth
 + Level 2.1 Spellcasting
 + Level 1.3 Conjurations
 + Level 2.8 Fire Magic


You had 4 spell levels left.
You knew the following spells:

 Your Spells              Type           Power      Damage    Failure   Level
a - Foxfire               Conj/Fire      28%        2x1d5     10%         1

Your spell library contained the following spells:

 Spells                   Type           Power      Damage    Failure   Level
 Scorch                   Fire           20%        2d5       11%         2
 Inner Flame              Hex/Fire       5%         N/A       36%         3
 Volatile Blastmotes      Fire/Tloc      10%        2d10      36%         3
 Flame Wave               Conj/Fire      7%         2d5       67%         4


Dungeon Overview and Level Annotations

Branches:
Dungeon (1/15)

Altars:


Innate Abilities, Weirdness & Mutations

Your touch may inflict minor irresistible damage on your foes.


Message History

You conjure some foxfire!
The frilled lizard hisses angrily.
You conjure some foxfire!
The foxfire hits the frilled lizard.
You kill the frilled lizard!
A rat comes into view.
The foxfire hits the hobgoblin.
The hobgoblin is lightly wounded.
You miscast Foxfire.
You are very lightly contaminated with residual magic.
Nothing appears to happen.
The foxfire hits the hobgoblin.
The hobgoblin is moderately wounded.
You are out of magic!
You are out of magic!
You are out of magic!
You hit the hobgoblin.
You kill the hobgoblin!
You have reached level 2!
You feel monstrous as your demonic heritage exerts itself.
Your demonic ancestry asserts itself...
Your hands begin to faintly glow with unholy energy.
You barely miss the rat. The rat bites you.
You hit the rat. Your touch misses the rat.
The rat is heavily wounded.
The rat bites you.
You hit the rat.
You kill the rat!
Your magical contamination has completely faded away.
No target in view!
No target in view!
No target in view!
No target in view!
No target in view!
No target in view!
No target in view!
No target in view!
You can't go up here!
HP restored.
There is a staircase leading out of the dungeon here.
You have escaped!

##....)........#######......#....
###...##.##.≈≈≈~≈≈≈≈≈≈......#....
....#..#..#≈≈≈≈≈~≈≈≈≈≈≈.......#..
.#####....≈≈≈≈≈≈~≈≈≈≈≈≈≈....##...
.## ##.≈≈≈ß≈≈~≈≈≈≈≈ß≈≈≈......#
..# #.≈≈≈≈≈~≈≈≈≈≈≈≈≈≈≈...####
#.######.≈≈≈≈≈~≈≈≈...≈≈≈≈...>.#
#........≈≈≈≈≈~≈≈.≈≈≈.≈≈..###.#
#........≈≈≈≈≈≈~@.≈≈≈≈..≈## ..#
#........≈..≈≈≈≈.>~≈≈≈≈≈≈# ...
#.........≈≈.≈≈≈.≈≈~≈≈≈≈≈# ..
#........≈≈≈≈...≈≈≈~≈≈≈≈≈#
#........≈≈≈≈≈≈≈≈≈≈~≈≈≈≈≈#
#........≈≈≈ß≈≈≈≈≈~≈≈ß≈≈≈#
##........≈≈≈≈≈≈≈~≈≈≈≈≈≈##
#..........≈≈≈≈≈≈~≈≈≈≈≈.#
...........#≈≈≈≈≈≈~≈≈≈..


There were no monsters in sight!

Vanquished Creatures
  2 goblins (D:1)
  2 hobgoblins (D:1)
  2 ball pythons (D:1)
  A bat (D:1)
  A frilled lizard (D:1)
  2 rats (D:1)
10 creatures vanquished.

Vanquished Creatures (others)
  31 foxfires (D:1)
31 creatures vanquished.

Grand Total: 41 creatures vanquished

Notes
Turn   | Place    | Note
-------+----------+-------------------------------------------
     0 | D:1      | Essalna the Demonspawn Fire Elementalist began the quest
                  | for the Orb.
     0 | D:1      | Reached XP level 1. HP: 13/13 MP: 3/3
   355 | D:1      | Discovered your monstrous ancestry.
   355 | D:1      | Gained mutation: Your touch may inflict minor irresistible
                  | damage on your foes. [demonic ancestry]
   355 | D:1      | Reached XP level 2. HP: 20/20 MP: 0/5
   377 | D:$      | Got out of the dungeon alive.

Illustrated notes

Levels and vault maps discovered:
D:1:      nzn_arrival_water_spiral, layout_rooms, glass_columns_a

Action                     || total
---------------------------++-------
  Melee: Spear             ||     4
   Cast: Foxfire           ||    17
 Armour: Robe              ||     2

Table legend: (Time is in decaauts)
 A = Elapsed time spent in this place.
 B = Non-inter-level travel time spent in this place.
 C = Inter-level travel time spent in this place.
 D = Time resting spent in this place.
 E = Time spent auto-exploring this place.
 F = Levels seen in this place.
 G = Mean time per level.
                   A        B        C        D        E       F      G
               +--------+--------+--------+--------+--------+-----+--------+
         Total |    376 |    359 |     17 |      0 |    287 |   1 |  376.0 |
       Dungeon |    376 |    359 |     17 |      0 |    287 |   1 |  376.0 |
               +--------+--------+--------+--------+--------+-----+--------+

Top non-repeatable levels by time:
     D:1: 376 daAuts
